 Dungeon Crawl Stone Soup version 0.24-a0-639-gb70a11d (webtiles) character file.

Game seed: 12772722893610513313, levelgen mode: deterministic

58 ChiliFlavouring the Poker (level 4, -1/37 HPs)
             Began as a Merfolk Abyssal Knight on Sept 22, 2019.
             Was a Follower of Lugonu.
             Slain by an adder (4 damage)
             ... on level 2 of the Dungeon.
             The game lasted 00:05:57 (1314 turns).

ChiliFlavouring the Poker (Merfolk Abyssal Knight)  Turns: 1314, Time: 00:05:58

Health: -1/37      AC:  3    Str: 13    XL:     4   Next: 1%
Magic:  5/5        EV: 13    Int: 11    God:    Lugonu [*.....]
Gold:   22         SH:  0    Dex: 13    Spells: 3/3 levels left

rFire    . . .     SeeInvis .   a - +2 spear
rCold    . . .     Gourm    .   (no shield)
rNeg     . . .     Faith    .   b - +0 leather armour
rPois    .         Spirit   .   (no helmet)
rElec    .         Reflect  .   (no cloak)
rCorr    .         Harm     .   (no gloves)
MR       .....                  (no boots)
Stlth    +.........             (no amulet)
HPRegen  0.12/turn              (no ring)
MPRegen  0.09/turn              (no ring)

@: lethally poisoned (-1 -> -9)
A: change form in water, swift swim, stealthy swim
a: Depart the Abyss, Renounce Religion


You were on level 2 of the Dungeon.
You worshipped Lugonu.
Lugonu was aware of your devotion.
You were not hungry.

You visited 1 branch of the dungeon, and saw 2 of its levels.
You visited the Abyss 1 time.

You collected 22 gold pieces.

Inventory:

Hand Weapons
 a - a +2 spear (weapon)
Missiles
 e - 11 poisoned darts (quivered)
Armour
 b - a +0 leather armour (worn)
 l - a cursed +0 chain mail
Scrolls
 g - a scroll of blinking {unknown}
 i - a scroll of amnesia
 j - a scroll of noise {unknown}
Potions
 h - a potion of berserk rage {unknown}
Comestibles
 c - 4 rations
 f - 6 chunks of flesh


   Skills:
 + Level 3.7 Fighting
 + Level 3.8 Polearms
 + Level 0.3 Throwing
 - Level 1.1 Armour
 + Level 3.4 Dodging
 + Level 2.6 Invocations


You had 3 spell levels left.
You didn't know any spells.
Your spell library was empty.

Dungeon Overview and Level Annotations

Branches:
Dungeon (2/15)

Altars:
Qazlal


Message History

You feel sick. The adder barely misses you.
You closely miss the adder.
The adder is heavily wounded.
You feel sick. The adder bites you.
* * * LOW HITPOINT WARNING * * *
You hit the adder.
You kill the adder!
Lugonu accepts your kill.
You have reached level 4!
It was a potion of magic.
Magic courses through your body. The adder bites you.
* * * LOW HITPOINT WARNING * * *
You are more poisoned.
The adder poisons you!
You barely miss the adder.
* * * LOW HITPOINT WARNING * * *
You feel sick. The adder barely misses you. The adder misses you.
You closely miss the adder.
* * * LOW HITPOINT WARNING * * *
You feel sick. The adder bites you.
You die...

###
#.################
#............@S.(#
#.##############.#
#.# #.# #.# #####
#.# ## #.# #...#
#S# .###.####...##
#.# .'...........#
#.# .##.#####....#
#.# .##... ...##.#
#.#


You could see an adder.

Vanquished Creatures
  An adder (D:2)
  3 dart slugs (D:1)
  5 bats
  3 giant cockroaches
  8 goblins
  6 hobgoblins
  3 jackals (D:1)
  A quokka (D:2)
  4 frilled lizards
  2 kobolds (D:1)
  A rat (D:2)
37 creatures vanquished.

Notes
Turn   | Place    | Note
-------+----------+-------------------------------------------
     0 | Abyss:1  | ChiliFlavouring the Merfolk Abyssal Knight began the quest
                  | for the Orb.
     0 | Abyss:1  | Reached XP level 1. HP: 18/18 MP: 2/2
    57 | Abyss:1  | Noticed a bone dragon
    58 | D:1      | Escaped the Abyss
   177 | D:1      | Reached XP level 2. HP: 19/24 MP: 3/3
   225 | D:1      | Reached * piety under Lugonu
   366 | D:1      | Reached skill level 1 in Armour
   463 | D:1      | Reached XP level 3. HP: 26/29 MP: 4/4
   949 | D:2      | Found a stormy altar of Qazlal.
  1311 | D:2      | Reached XP level 4. HP: 9/37 MP: 5/5
  1314 | D:2      | Slain by an adder

Levels and vault maps discovered:
D:1:      dpeg_arrival_simpleton_b, layout_basic
D:2:      layout_basic, lemuel_doored_altar, grunt_qazlal_clouds, first_ration

Skill      XL: |  1  2 |
---------------+-------+-----
Dodging        | 3 |  3.4
Armour         | 1 |  1.1
Fighting       | |  3.7
Polearms       | |  3.8
Throwing       | |  0.3
Invocations    | |  2.6

Action                   |  1- 3 |  4- 6 || total
-------------------------+-------+-------++-------
Melee: Spear             |   138 |     2 ||   140
Throw: Dart              |     5 |       ||     5
Invok: Depart the Abyss  |     1 |       ||     1
  Use: Scroll            |     5 |       ||     5
       Potion            |     1 |     1 ||     2
 Stab: Sleeping          |     1 |       ||     1
  Eat: Chunk             |     1 |       ||     1
Armor: Leather armour    |    25 |       ||    25
Dodge: Dodged            |    58 |     2 ||    60

Table legend:
 A = Non-vault XP
 B = Vault XP
 C = Vault XP percentage of total XP
 D = Non-vault monster count
 E = Vault monster count
 F = Vault count percentage of total count
                 A         B        C        D         E       F
            +---------+---------+-------+---------+---------+-------
      Total |      83 |       0 |   0.0 |      37 |       0 |   0.0
            +---------+---------+-------+---------+---------+-------
        D:1 |      41 |       0 |   0.0 |      21 |       0 |   0.0
        D:2 |      42 |       0 |   0.0 |      16 |       0 |   0.0
            +---------+---------+-------+---------+---------+-------
